[Event "Early-Titled-Tuesday-Blitz-March-26-2024"]
[Site "Chess.com"]
[Date "2024.03.26"]
[Round "4"]
[White "guillembaches"]
[Black "AlexeiShirov"]
[Result "0-1"]
[WhiteElo "2536"]
[BlackElo "2843"]
[TimeControl "180+1"]
[EndTime "8:39:50 PDT"]
[Termination "AlexeiShirov won on time"]

1. d4 d5 2. Nf3 Nf6 3. Bg5 e6 4. Nbd2 c5 5. e3 h6 6. Bh4 Qb6 7. Rb1 Nc6 8. c3 cxd4 9. exd4 Ne4 10. Nxe4 dxe4 11. Ne5 Nxe5 12. dxe5 Bd7 13. Be2 Qc7 14. Bg3 Be7 15. O-O O-O 16. Qb3 a5 17. a4 Bc6 18.
Bb5 Rfd8 19. Rfd1 Bc5 20. Qc4 Bxb5 21. Qxb5 e3 22. fxe3 Bxe3+ 23. Kh1 Rxd1+ 24. Rxd1 Rd8 25. Rd6 Bg5 26. h3 Be7 27. Rxd8+ Bxd8 28. Qd3 Be7 29.
Bf4 Qc6 30. Qd4 Bc5 31. Qc4 Qb6 32. b3 Bf2 33. b4 Qd8 34. Qe2 Ba7 35. Be3 Bxe3 36.
Qxe3 axb4 37. cxb4 Qd1+ 38. Kh2 Qxa4 39. Qc5 Qc6 40. Qe7 Qb5 41. Qd6 Qd5 42. Qc7 b5 43.
Qc3 Kh7 44. g3 Qc4 45. Qd2 Qe4 46. Qb2 Kg6 47. h4 Kf5 48. Qc3 Qe2+ 49. Kh3 Qf1+ 50. Kh2 h5 51. Qc2+ Kxe5 52. Qc3+ Kf5 53. Qxg7 Qf2+ 54.
Kh1 Qf1+ 55. Kh2 Qe2+ 56. Kh1 Qd1+ 57. Kh2 f6 58. Qh7+ Ke5 59. Qc7+ Ke4 60. Qc5 Qe2+ 61. Kh1 Qc4 62. Qf2 f5 63. Qf4+ Kd3 64. Qg5 Ke2 65.
Kg2 Qe4+ 66. Kh2 Kf2 67. Qd2+ Qe2 68. Qf4+ Ke1+ 69. Kh3 Qf1+ 70. Qxf1+ Kxf1 71. Kh2 e5 72. Kh3 e4 73. g4 fxg4+ 74. Kg3 e3 75. Kf4 e2 76.
Ke3 e1=Q+ 0-1

[Event "Early-Titled-Tuesday-Blitz-March-26-2024"]
[Site "Chess.com"]
[Date "2024.03.26"]
[Round "4"]
[White "tptagain"]
[Black "NelsonLinda"]
[Result "1/2-1/2"]
[WhiteElo "2932"]
[BlackElo "2649"]
[TimeControl "180+1"]
[EndTime "8:39:55 PDT"]
[Termination "Game drawn - insufficient material"]

1. Nf3 Nf6 2. d4 d5 3. c4 dxc4 4. e3 e6 5. Bxc4 c5 6. O-O a6 7.
Be2 Nc6 8. Nc3 cxd4 9. exd4 Be7 10. Be3 O-O 11. Ne5 Nb4 12. Bf3 Nbd5 13. Bg5 h6 14. Bh4 Rb8 15. Qb3 Nxc3 16. bxc3 Nd7 17. Bxe7 Qxe7 18. Nc4 b5 19. Na5 Qd6 20. a4 Qc7 21.
Nc6 Rb6 22. axb5 axb5 23. Ra7 Qd6 24. Nb4 Nf6 25. Re1 Bd7 26. h3 Rc8 27. Nd3 Bc6 28. Bxc6 Rbxc6 29. Nc5 Nd5 30. Rc1 Rb6 31. Qd1 Qf4 32.
g3 Qg5 33. h4 Qf5 34. Nd7 Rbc6 35. Ne5 R6c7 36. Rxc7 Rxc7 37. Qb3 Qe4 38. Qxb5 Nxc3 39. Qe8+ Kh7 40. Rf1 Ne2+ 41. Kh2 Qf5 42. Qb8 Nxg3 43. Kxg3 Rc3+ 44. f3 g5 45. Qb1 Rc2 46. hxg5 Qxg5+ 47. Ng4 Qg6 48. Rc1 Rxc1 49. Qxc1 h5 50. Qh1 Kg8 51.
Qxh5 Qb1 52. Qg5+ Kf8 53. Qh6+ Ke7 54. Qh4+ Ke8 55. Kg2 Qc2+ 56. Nf2 Qd2 57. Qg4 Ke7 58. Qh4+ Ke8 59. Qe4 Ke7 60. Qe5 Kf8 61. Kg3 Qc1 62. d5 Qg1+ 63. Kf4 Qxf2 64. dxe6 Qh2+ 65. Ke4 Qe2+ 66. Kd5 Qb5+ 67. Kd6 Qb8+ 68. Kd5 Qb5+ 69. Kd4 Qb2+ 70. Ke4 Qe2+ 71. Kf4 Qh2+ 72. Kf5 Qh5+ 73. Ke4 Qg6+ 74. Kd5 fxe6+ 75. Qxe6 Qd3+ 76. Ke5 Qe3+ 77. Kd6 Qxf3 78. Qe7+ Kg8 79. Qe8+ Qf8+ 80. Qxf8+ Kxf8 1/2-1/2

[Event "Early-Titled-Tuesday-Blitz-March-26-2024"]
[Site "Chess.com"]
[Date "2024.03.26"]
[Round "4"]
[White "sergoy"]
[Black "Dixit_Nikhil"]
[Result "1/2-1/2"]
[WhiteElo "2914"]
[BlackElo "2639"]
[TimeControl "180+1"]
[EndTime "8:39:56 PDT"]
[Termination "Game drawn by repetition"]

1. d4 Nf6 2. c4 g6 3. Nc3 Bg7 4.
e4 d6 5. Nf3 O-O 6. Be2 e5 7. O-O exd4 8. Nxd4 Re8 9. f3 c6 10.
Kh1 d5 11. cxd5 cxd5 12. Bg5 Nc6 13. Bb5 Bd7 14. exd5 Nxd4 15. Qxd4 Bxb5 16. Nxb5 h6 17. Bxf6 Bxf6 18. Qd2 Qb6 19. Nc3 Kg7 20. Rad1 Rad8 21. b3 Bxc3 22. Qxc3+ Qf6 23. Qb4 Rd7 24. Rd3 Red8 25.
Qd2 Rd6 26. Rd1 h5 27. h3 Qf5 28. Rd4 Qf6 29. Qb4 b6 30. Qd2 Qe5 31. a4 Qf6 32. b4 Qe5 33. a5 bxa5 34. bxa5 a6 35. Qd3 Qf6 36. Qc4 Qe5 37. R4d2 Qf6 38. Rd4 Qe5 39.
Re4 Qf6 40. Rd3 Qa1+ 41. Kh2 Qf6 42. f4 Qf5 43. Re5 Qf6 44. Qe4 h4 45. Qd4 R8d7 46. Qe4 Rc7 47. Rb3 Rc1 48. Rb7 Rf1 49. Rb4 Rd7 50. Rc4 Rb7 51. Rb4 Rxb4 52. Qxb4 Rxf4 53. Qb8 Rb4 54. Qxb4 Qxe5+ 55. Kh1 Qxd5 56. Qb6 Qd1+ 57. Kh2 Qf1 58. Qd4+ Qf6 59. Qb6 g5 60. Kh1 Kg6 61. Qb1+ Kg7 62. Qb6 Qf1+ 63. Kh2 Qf4+ 64. Kh1 Qc4 65.
Qb2+ f6 66. Qd2 Qb5 67. Qd8 Qb1+ 68. Kh2 Qb5 69. Qb6 Qe5+ 70. Kh1 Kg6 71. Qxa6 Qe1+ 72. Kh2 Qe5+ 73. Kg1 Qe1+ 74. Kh2 Qg3+ 75. Kg1 Qe1+ 76. Kh2 1/2-1/2

[Event "Early-Titled-Tuesday-Blitz-March-26-2024"]
[Site "Chess.com"]
[Date "2024.03.26"]
[Round "4"]
[White "KarolKacprzak"]
[Black "whiteglovethief"]
[Result "1/2-1/2"]
[WhiteElo "2708"]
[BlackElo "2520"]
[TimeControl "180+1"]
[EndTime "8:39:59 PDT"]
[Termination "Game drawn - insufficient material"]

1. e4 e6 2. d4 d5 3. e5 c6 4. c4 b6 5. cxd5 cxd5 6. Nc3 Ne7 7. Nf3 Bd7 8. Bd3 Nbc6 9. h4 Nf5 10. Bxf5 exf5 11. Nxd5 Be6 12. Nf4 Bb4+ 13. Bd2 Bxd2+ 14. Qxd2 Bd5 15. Nxd5 Qxd5 16. O-O O-O 17. h5 h6 18. Qf4 Rad8 19. Rfd1 Qe4 20. g3 Qxf4 21. gxf4 Nb4 22. Kg2 Rd7 23. Nh4 Nc2 24. Rac1 Nxd4 25. Nxf5 Rfd8 26. Rxd4 Rxd4 27. Nxd4 Rxd4 28. Rc8+ Kh7 29.
Kf3 Rd3+ 30. Kg2 Rd2 31. Rc7 Kg8 32. Rxa7 Rxb2 33. Kg3 Kf8 34. f5 Rb5 35. f4 Rb1 36. f6 gxf6 37. exf6 Ke8 38. Re7+ Kf8 39. Kg4 Rb5 40.
a4 Ra5 41. Rb7 Ke8 42. Rxb6 Rxa4 43. Rb8+ Kd7 44. Rh8 Ke6 45. Rxh6 Ra8 46. Kg5 Ra5+ 47.
Kg4 Ra8 48. Rh7 Kxf6 49. Rh6+ Kg7 50. Rb6 Ra1 51. Rc6 Rg1+ 52. Kf5 Rh1 53. Kg5 f6+ 54.
Kg4 Rh2 55. Rb6 Rh1 56. Rb7+ Kh6 57. Rf7 Rxh5 58. Rxf6+ Kg7 59. Ra6 Rb5 60. Ra7+ Kf6 61. Ra6+ Kf7 62. Rc6 Ra5 63. f5 Ra1 64. Rc4 Rg1+ 65. Kf4 Rf1+ 66. Kg5 Rg1+ 67. Rg4 Rxg4+ 68. Kxg4 Kf6 69. Kf4 Kf7 70. Kg5 Kg7 71. Kg4 Kf6 72. Kf4 Kf7 73. Ke5 Ke7 74. f6+ Kf7 75. Kf5 Kf8 76.
Kg6 Kg8 77. Kh5 Kf7 78. Kg5 Kf8 79. Kf4 Kf7 80. Ke5 Kf8 81. Ke6 Ke8 82. Kf5 Kf7 83. Kg5 Kf8 84. Kg4 Kf7 85. Kf5 Kf8 86. Kg6 Kg8 87. f7+ Kf8 88. Kh5 Kg7 89. Kg5 Kxf7 1/2-1/2

[Event "Early-Titled-Tuesday-Blitz-March-26-2024"]
[Site "Chess.com"]
[Date "2024.03.26"]
[Round "4"]
[White "ACollins05"]
[Black "astralpulse"]
[Result "1/2-1/2"]
[WhiteElo "2508"]
[BlackElo "2641"]
[TimeControl "180+1"]
[EndTime "8:40:03 PDT"]
[Termination "Game drawn by stalemate"]

1. Nf3 d5 2. e3 c6 3. b3 Nf6 4. Bb2 g6 5. d4 Bg7 6. c4 O-O 7.
Nc3 Bf5 8. Bd3 Bxd3 9. Qxd3 e6 10. O-O Nbd7 11. e4 dxe4 12. Nxe4 Nxe4 13. Qxe4 Re8 14. Rfd1 Qb6 15. Ne5 Nxe5 16. dxe5 Red8 17. Rd4 Rxd4 18.
Bxd4 Qa5 19. Qe3 Rd8 20. g3 Rxd4 21. Qxd4 Bxe5 22. Qd1 Bxa1 23. Qxa1 e5 24. h4 h5 25. Qb2 Qc5 26. Qd2 Kg7 27. Qd7 b5 28.
cxb5 cxb5 29. a4 bxa4 30. bxa4 Qd4 31. Qb5 e4 32. Qe8 Qd5 33. Kh2 Qf5 34. Kg1 Qd5 35.
Kh2 a5 36. Kg1 Kf6 37. Qh8+ Ke6 38. Qe8+ Kd6 39. Kf1 Qf5 40. Kg1 Kc5 41. Qb5+ Kd4 42.
Qb6+ Kc4 43. Kg2 Qd5 44. Kg1 Kc3 45. Kf1 Qc4+ 46. Kg1 Qxa4 47. Qc7+ Qc4 48. Qxa5+ Kd3 49. Qa3+ Qc3 50. Qa6+ Qc4 51. Qa3+ Kd4 52. Qd6+ Qd5 53. Qf6+ Kd3 54. Qa6+ Qc4 55. Qd6+ Ke2 56. Qa3 Qd3 57.
Qb2+ Kf3 58. Qf6+ Kg4 59. Qxf7 Qd1+ 60. Kh2 g5 61. hxg5 h4 62. Qf4+ Kh5 63. Qxh4+ Kg6 64. Qh6+ Kf5 65. Qf6+ Kg4 66. g6 Qd5 67. g7 Qh5+ 68. Kg1 Qe8 69. Qf4+ Kh5 70. g4+ Kh4 71. Qf5 e3 72. Qh5+ Qxh5 73. gxh5 e2 74. g8=Q e1=Q+ 75.
Kg2 Qe4+ 76. Kh2 Qe5+ 77. Kg2 Qe4+ 78. Kf1 Qd3+ 79. Kg1 Qd1+ 80. Kh2 Qd6+ 81. Qg3+ Qxg3+ 82. fxg3+ Kxh5 83. Kh3 Kg5 84. g4 Kg6 85. Kg3 Kg5 86. Kf3 Kf6 87. Kf4 Kg6 88. g5 Kg7 89. Kg4 Kg6 90. Kf4 Kg7 91. Kf5 Kf7 92. g6+ Kg7 93. Kg5 Kg8 94. Kf6 Kf8 95. g7+ Kg8 96. Kg6 1/2-1/2

[Event "Early-Titled-Tuesday-Blitz-March-26-2024"]
[Site "Chess.com"]
[Date "2024.03.26"]
[Round "4"]
[White "Pelusiansky"]
[Black "only_strong_moves"]
[Result "1/2-1/2"]
[WhiteElo "2537"]
[BlackElo "2707"]
[TimeControl "180+1"]
[EndTime "8:40:10 PDT"]
[Termination "Game drawn by repetition"]

1. c4 e5 2. Nc3 Nf6 3. Nf3 e4 4. Ng5 c6 5. Ngxe4 Nxe4 6. Nxe4 d5 7. cxd5 cxd5 8. Nc3 d4 9. Ne4 Nc6 10. d3 Bf5 11. a3 Be7 12. g3 h5 13. h3 Qd7 14. Bg2 Rc8 15. Bd2 Bg6 16. Rc1 b6 17. Qa4 O-O 18. O-O Bf5 19. Qb5 Qe6 20. Kh2 h4 21. g4 Bg6 22. f4 f5 23. Ng5 Qxe2 24.
Rxc6 Bxg5 25. Rxg6 Bf6 26. Bb4 Rc2 27. Qd5+ Kh7 28.
Bxf8 Rc5 29. Qf3 Qxf3 30. Bxf3 Rc2+ 31. Bg2 Kxg6 32. g5 Bd8 33. Bb4 Bc7 34. Kh1 a5 35.
Be1 Rxb2 36. Bxh4 Rd2 37. Re1 Rxd3 38. Re6+ Kh5 39. Bf2 Bxf4 40. Bf1 Rd2 41. Kg1 Kxg5 42. Rxb6 d3 43. Rd6 Bxd6 44. Be3+ Bf4 45. Bxd2 Bxd2 46. Bxd3 Bc1 47. a4 Kf4 48. Kg2 g6 49. Bc2 Ba3 50. Bd3 Be7 51. Bb5 Ke3 52. Bd7 Bh4 53. Bc8 Ke4 54. Bb7+ Kf4 55. Bc8 Be7 56. Bd7 Bd6 57.
Bc8 Kg5 58. Bd7 Kf6 59. Bc8 g5 60. Bd7 Ke5 61. Bc8 Ke4 62. Bd7 Be5 63. Bc8 Bf6 64.
Bd7 f4 65. Bc6+ Ke3 66. Bb7 Be5 67. Bc6 Bf6 68. Bb7 Be7 69. Bc6 Kd4 70. Bb7 Kc5 71.
Kf3 Kb6 72. Bc8 Kc5 73. Bd7 Kb4 74. Bc6 Kc3 75. Kg4 Kb4 76. Kf3 Kc3 77. Kg4 Kd3 78.
Kf3 Kd2 79. Bb7 Ke1 80. Bc6 Kf1 81. Bd7 Kg1 82. Be6 Kh2 83. Bd7 Kg1 84. Bg4 Kf1 85. Bd7 Ke1 86. Bg4 Kd2 87. Bd7 Kd3 88. Bg4 Kc4 89. Bd7 Kd5 90. Kg4 Kd6 91. Bb5 Ke5 92. Kf3 Kd4 93. Bd7 Ke5 94. Bb5 Kf6 95. Bd7 Kg6 96. Bg4 Bd6 97. Bd7 Kf6 98. Bg4 Ke5 99.
Bd7 Kd4 100. Bc6 Kc4 101. Bd7 Kb4 102. Bc6 Kc5 103. Bd7 Kb4 104. Bc6 Kc5 105. Bd7 Kd4 106. Bc6 Ke5 107. Bd7 Kf6 108. Bb5 Kg6 109. Bd7 Kh6 110. Bg4 Kg6 111. Bd7 1/2-1/2

[Event "Early-Titled-Tuesday-Blitz-March-26-2024"]
[Site "Chess.com"]
[Date "2024.03.26"]
[Round "4"]
[White "DreamsAreFake"]
[Black "Zhigalko_Sergei"]
[Result "1/2-1/2"]
[WhiteElo "2748"]
[BlackElo "2906"]
[TimeControl "180+1"]
[EndTime "8:40:19 PDT"]
[Termination "Game drawn - insufficient material"]

1. Nf3 d5 2. g3 c6 3. Bg2 Bg4 4. O-O e6 5. h3 Bh5 6. d3 Bd6 7.
Nbd2 Ne7 8. e4 O-O 9. Qe2 a5 10. g4 Bg6 11. Nh4 Qc7 12. d4 Bh2+ 13. Kh1 Bf4 14.
c3 Nd7 15. exd5 cxd5 16. Nb3 a4 17. Bxf4 Qxf4 18. Nc1 a3 19. Nxg6 Nxg6 20. Nd3 Qc7 21. Rfc1 axb2 22. Qxb2 Rfc8 23. a4 Nb6 24. Qb4 Nc4 25.
Ra2 h6 26. Bf1 b6 27. Nb2 Nd6 28. Nd3 Ne4 29. Bg2 Nh4 30. c4 Nxg2 31. Kxg2 dxc4 32. Ne5 Nd6 33. Rac2 Qb7+ 34. f3 Qd5 35. Nxc4 Qxd4 36. Qxd6 Rxc4 37. Qxd4 Rxd4 38. Rc8+ Rd8 39. Rxd8+ Rxd8 40.
Rc6 Ra8 41. Rxb6 Rxa4 42. Kg3 g5 43. Rb7 Kg7 44. h4 Kg6 45. h5+ Kg7 46. Rc7 Ra1 47. Rb7 Rg1+ 48. Kf2 Rc1 49. Ra7 Rc2+ 50. Kg3 Kf6 51.
Rb7 Rd2 52. Ra7 Rd5 53. Rb7 Rd8 54. Ra7 Re8 55. Rb7 Re7 56. Rb6 Kg7 57. Ra6 Rd7 58. Rb6 Rc7 59. Ra6 Re7 60. Rb6 Ra7 61.
Rc6 Kf6 62. Rb6 Ke5 63. Rb8 f5 64. Rh8 f4+ 65. Kf2 Ra2+ 66. Ke1 Kd4 67. Rxh6 e5 68. Re6 Rh2 69. h6 Ke3 70. Rxe5+ Kxf3 71. Rxg5 Rxh6 72.
Rg8 Rh1+ 73. Kd2 Kg3 74. g5 f3 75. g6 Rh4 76. Rf8 Rg4 77. Rf6 Kg2 78. Ke3 Rg3 79. Ke4 f2 80. Ke5 Rg5+ 81. Ke6 f1=Q 82. Rxf1 Kxf1 83. Kf7 Rg2 84. g7 Rf2+ 85. Ke7 Rg2 86. Kf8 Kf2 87. g8=Q Rxg8+ 88. Kxg8 1/2-1/2

[Event "Early-Titled-Tuesday-Blitz-March-26-2024"]
[Site "Chess.com"]
[Date "2024.03.26"]
[Round "4"]
[White "EternalNight8"]
[Black "KacperKacprzak"]
[Result "1/2-1/2"]
[WhiteElo "2465"]
[BlackElo "2691"]
[TimeControl "180+1"]
[EndTime "8:40:19 PDT"]
[Termination "Game drawn by 50-move rule"]

1. d4 d5 2. c4 e6 3. Nf3 Nf6 4. g3 dxc4 5. Bg2 a6 6. O-O b5 7. Ne5 c6 8. Nxc6 Qb6 9. Nxb8 Rxb8 10. Bf4 Bd6 11. Bxd6 Qxd6 12. e4 e5 13. dxe5 Qxe5 14. Nc3 O-O 15. Kh1 Bb7 16. f4 Qc5 17. Qe2 b4 18.
Nd1 Rfe8 19. Nf2 Rbc8 20. Rac1 a5 21. Rfe1 Red8 22. Red1 Rxd1+ 23. Rxd1 c3 24. bxc3 bxc3 25. Rc1 Qd4 26. h3 h6 27. Rc2 Rd8 28. Kh2 Bc6 29. Qf3 Re8 30. Qxc3 Qxc3 31. Rxc3 Bxe4 32.
Nxe4 Nxe4 33. Re3 Nf6 34. Rxe8+ Nxe8 35. Bd5 Kf8 36. Bb3 Ke7 37. Kg2 f6 38. Kf3 Kd6 39. Ke4 Nc7 40. Kf5 Ke7 41. Kg6 Kf8 42. g4 Nb5 43. g5 fxg5 44. fxg5 hxg5 45. Kxg5 Nc3 46. h4 a4 47. Bc4 a3 48. h5 Ne4+ 49. Kg6 Ng3 50. h6 gxh6 51. Kxh6 Ke7 52. Kg5 Kd6 53.
Kf4 Kc5 54. Bg8 Nh5+ 55. Ke3 Kb4 56. Kd2 Nf6 57. Bb3 Ne4+ 58. Kc2 Kc5 59. Bg8 Kb4 60.
Bb3 Nd6 61. Bg8 Nb5 62. Kd3 Kc5 63. Bb3 Nd4 64. Bg8 Nc6 65. Bb3 Kb4 66. Bg8 Ne7 67.
Bb3 Ng6 68. Bg8 Ne5+ 69. Kc2 Ng4 70. Bb3 Nf2 71. Bg8 Nh3 72. Bb3 Nf4 73. Bg8 Ng6 74. Bb3 Ne7 75. Bf7 Nc6 76. Kd2 Ne5 77. Bb3 Nf3+ 78.
Kc2 Nd4+ 79. Kb1 Kc3 80. Bg8 Nf3 81. Bf7 Nd2+ 82. Kc1 Ne4 83. Bg8 Nf2 84. Bf7 Nd3+ 85. Kb1 Kd2 86. Bg8 Nf2 87. Bf7 Ne4 88. Bg8 Nc3+ 89.
Ka1 Kc1 90. Bf7 Na4 91. Bg8 Nb2 92. Bh7 Nc4 93. Bg8 Nd2 94. Bh7 Nf1 95. Bg8 Ne3 96. Bh7 Nd5 97. Bg6 Nb4 98. Bh7 Na6 99. Bg6 Nc5 100. Bh7 Kd2 101. Bg6 1/2-1/2

[Event "Early-Titled-Tuesday-Blitz-March-26-2024"]
[Site "Chess.com"]
[Date "2024.03.26"]
[Round "4"]
[White "shimastream"]
[Black "CSB7"]
[Result "1-0"]
[WhiteElo "3041"]
[BlackElo "2777"]
[TimeControl "180+1"]
[EndTime "8:40:31 PDT"]
[Termination "shimastream won on time"]

1. g3 e6 2. Bg2 d5 3. c4 Nf6 4. Nf3 dxc4 5. Qa4+ Bd7 6. Qxc4 c5 7.
Ne5 Qc8 8. Qd3 Nc6 9. Nxd7 Qxd7 10. Qxd7+ Kxd7 11. Nc3 Be7 12. d3 Rhd8 13. e3 Rac8 14. Ke2 Ke8 15. Rd1 b6 16. Bd2 Nb4 17. Bc1 Rd7 18.
a3 Nbd5 19. Bd2 g6 20. Rac1 Rcd8 21. Be1 Kf8 22. h3 h5 23. f4 Nxc3+ 24. Bxc3 Nd5 25.
Be1 Bf6 26. Rc2 Ne7 27. b4 cxb4 28. axb4 Kg8 29. d4 Nf5 30. Rdc1 Bxd4 31. exd4 Nxd4+ 32. Kf2 Nxc2 33. Rxc2 a5 34. bxa5 bxa5 35. Bxa5 Rb8 36. Re2 Rd3 37. Bc7 Rc8 38. Be5 Rcd8 39. g4 hxg4 40.
hxg4 Rd2 41. Bf1 Rxe2+ 42. Bxe2 Rc8 43. Kg3 Rc2 44. Bb5 Rc5 45. Bd7 g5 46. Bf6 gxf4+ 47.
Kxf4 Rc7 48. Bb5 Rc5 49. Bd3 Rd5 50. Be4 Rc5 51. g5 Rb5 52. Bf3 Rc5 53. Ke3 Rb5 54. Be2 Rc5 55. Kd4 Ra5 56. Bd3 Rd5+ 57. Ke4 Rc5 58.
Be7 Rd5 59. Bc4 Ra5 60. Bd8 Ra4 61. Kd4 Ra1 62. Kc5 Rd1 63. Bf6 Rd2 64. Kb4 Rd1 65.
Kc3 Rd7 66. Bd3 Rc7+ 67. Kd4 Rd7+ 68. Kc4 Rd5 69. Be4 Rd1 70. Bc6 Rc1+ 71. Kb5 Rd1 72. Kc5 Kh7 73. Be4+ Kg8 74. Kc6 Rd2 75. Kc7 Rd1 76.
Bc6 Kh7 77. Be4+ Kg8 78. Kc8 Kf8 79. Bc6 Kg8 80. Bd7 Kf8 81. Kc7 Rc1+ 82. Bc6 Rd1 83. Bc3 Rc1 84. Be5 Rd1 85. Bd6+ Kg7 86. Be4 Re1 87. Bd3 Rd1 88. Be4 Re1 89. Bd3 Rd1 90.
Be2 Re1 91. Bh5 Rg1 92. Be5+ Kg8 93. Bf6 Rd1 94. Bxd1 1-0

[Event "Early-Titled-Tuesday-Blitz-March-26-2024"]
[Site "Chess.com"]
[Date "2024.03.26"]
[Round "5"]
[White "amanjazu"]
[Black "arnash_bauyrzhan"]
[Result "0-1"]
[WhiteElo "2536"]
[BlackElo "2366"]
[TimeControl "180+1"]
[EndTime "8:48:15 PDT"]
[Termination "arnash_bauyrzhan won by resignation"]

1. e4 c5 2. Nc3 d6 3. f4 g6 4. Nf3 Bg7 5. Bb5+ Bd7 6. Bxd7+ Qxd7 7. g3 Nc6 8. d3 f5 9. Be3 Nf6 10. Qe2 Ng4 11. Qf2 Nxf2 0-1

[Event "Early-Titled-Tuesday-Blitz-March-26-2024"]
[Site "Chess.com"]
[Date "2024.03.26"]
[Round "5"]
[White "JaackCamel"]
[Black "Speed-O-Sonic"]
[Result "0-1"]
[WhiteElo "2188"]
[BlackElo "2456"]
[TimeControl "180+1"]
[EndTime "8:48:29 PDT"]
[Termination "Speed-O-Sonic won by resignation"]

1. d4 d5 2. c4 e6 3. Nc3 c5 4.
cxd5 cxd4 5. Qxd4 Nc6 6. Qd1 exd5 7. Qxd5 Be6 8. Qxd8+ Rxd8 9. a3 Nd4 10. Kd1 Bb3+ 11.
Kd2 Nc2+ 0-1

[Event "Early-Titled-Tuesday-Blitz-March-26-2024"]
[Site "Chess.com"]
[Date "2024.03.26"]
[Round "5"]
[White "Andrey_Klymchuk"]
[Black "NovoselovRoman"]
[Result "1-0"]
[WhiteElo "2700"]
[BlackElo "2551"]
[TimeControl "180+1"]
[EndTime "8:49:14 PDT"]
[Termination "Andrey_Klymchuk won by resignation"]

1. e4 e6 2. d4 d5 3. Nd2 dxe4 4. Nxe4 Nd7 5. Nf3 Ngf6 6. Nxf6+ Nxf6 7. Be3 Bd6 8. Bd3 O-O 9. Qe2 h6 10. O-O-O Qe7 11.
Kb1 c5 12. g4 Nxg4 13. Rhg1 Nxe3 14. Qxe3 Kh8 15. Rxg7 1-0

[Event "Early-Titled-Tuesday-Blitz-March-26-2024"]
[Site "Chess.com"]
[Date "2024.03.26"]
[Round "5"]
[White "ferrufino64"]
[Black "JAN2404"]
[Result "0-1"]
[WhiteElo "2198"]
[BlackElo "1962"]
[TimeControl "180+1"]
[EndTime "8:49:18 PDT"]
[Termination "JAN2404 won by resignation"]

1. e4 c5 2. Nf3 d6 3. d4 cxd4 4.
Nxd4 Nf6 5. Nc3 Nc6 6. Be3 Ng4 7. Bg5 h6 8. Bh4 g5 9. Bg3 Bg7 10. Nb3 Be6 11. Be2 Nf6 12. Qd2 Qd7 13. O-O-O a5 14. Nd5 Nxe4 15. Qe3 Bxd5 16. Rxd5 Nxg3 17. hxg3 a4 18.
Nd2 a3 19. b3 Nb4 20. Bb5 Nxa2+ 21. Kd1 Nc3+ 22. Ke1 Nxb5 23. c4 a2 24. Ke2 Nc3+ 25. Kd3 Nxd5 26. cxd5 0-1

[Event "Early-Titled-Tuesday-Blitz-March-26-2024"]
[Site "Chess.com"]
[Date "2024.03.26"]
[Round "5"]
[White "Midgardsormur"]
[Black "Matrix3x3a"]
[Result "0-1"]
[WhiteElo "2443"]
[BlackElo "2611"]
[TimeControl "180+1"]
[EndTime "8:49:32 PDT"]
[Termination "Matrix3x3a won by resignation"]

1. e4 c5 2. c3 Nf6 3. e5 Nd5 4. Nf3 Nc6 5. Bc4 Nb6 6. Bb3 c4 7. Bc2 d5 8. exd6 Qxd6 9. O-O Bg4 10. b3 O-O-O 11. Na3 Ne5 12. Be4 f5 13. Bc2 Nxf3+ 14. gxf3 Bh3 15. bxc4 Qg6+ 0-1

[Event "Early-Titled-Tuesday-Blitz-March-26-2024"]
[Site "Chess.com"]
[Date "2024.03.26"]
[Round "5"]
[White "AlmasRakhmatullaev"]
[Black "LikeWater"]
[Result "1-0"]
[WhiteElo "2908"]
[BlackElo "2709"]
[TimeControl "180+1"]
[EndTime "8:49:38 PDT"]
[Termination "AlmasRakhmatullaev won by checkmate"]

1. e4 c6 2. Qe2 g6 3. h4 h5 4. Nf3 Bg7 5. Ng5 d5 6. e5 Nh6 7. e6 f6 8. Qd3 fxg5 9. Qxg6+ Kf8 10. hxg5 Qd6 11. gxh6 Rxh6 12. Qf7# 1-0

[Event "Early-Titled-Tuesday-Blitz-March-26-2024"]
[Site "Chess.com"]
[Date "2024.03.26"]
[Round "5"]
[White "ljuks68"]
[Black "Gabrielian_Artur"]
[Result "0-1"]
[WhiteElo "2447"]
[BlackElo "2796"]
[TimeControl "180+1"]
[EndTime "8:49:49 PDT"]
[Termination "Gabrielian_Artur won by resignation"]

1. e4 e5 2. Nf3 Nc6 3. Bb5 Nf6 4. Qe2 d6 5. c3 Bd7 6. O-O Be7 7. d4 O-O 8. Rd1 Qe8 9. Bc4 Bg4 10. d5 Nb8 11.
h3 Bh5 12. g4 Bg6 13. Bd3 Nbd7 14. Nbd2 Nc5 15. Bc2 Nxd5 16. exd5 Bxc2 17. Nf1 Bxd1 0-1

[Event "Early-Titled-Tuesday-Blitz-March-26-2024"]
[Site "Chess.com"]
[Date "2024.03.26"]
[Round "5"]
[White "newyorkmouse"]
[Black "Angry_Twin"]
[Result "0-1"]
[WhiteElo "2710"]
[BlackElo "2912"]
[TimeControl "180+1"]
[EndTime "8:49:55 PDT"]
[Termination "Angry_Twin won by resignation"]

1. Nf3 d5 2. b3 Nf6 3. Bb2 e6 4. c4 Bd6 5. e3 O-O 6. Be2 b6 7. O-O Bb7 8. cxd5 exd5 9. Nc3 a6 10.
d4 Nbd7 11. Rc1 Qe7 12. Qc2 Rfe8 13. Rfd1 Rac8 14. Bd3 Ne4 15. Bxe4 dxe4 16. Nd2 b5 17.
Ne2 Nf6 18. Nf1 Nd5 19. Nfg3 Nb4 20. Qb1 Nd3 21. Nf5 Qf6 22. Nxd6 Qxf2+ 23. Kh1 cxd6 24. Rxd3 exd3 25. Nf4 0-1

[Event "Early-Titled-Tuesday-Blitz-March-26-2024"]
[Site "Chess.com"]
[Date "2024.03.26"]
[Round "5"]
[White "Firouzja2003"]
[Black "temus_galaktionov"]
[Result "1-0"]
[WhiteElo "3082"]
[BlackElo "2886"]
[TimeControl "180+1"]
[EndTime "8:50:01 PDT"]
[Termination "Firouzja2003 won by resignation"]

1. e4 c6 2. d4 g6 3. Nc3 Bg7 4. f4 d6 5. Nf3 Nd7 6. Be3 e5 7. dxe5 dxe5 8. Qd2 Qa5 9. O-O-O Ngf6 10. fxe5 Ng4 11.
e6 fxe6 12. Bc4 Nxe3 13. Qxe3 Qc5 14. Qd3 Nb6 15. Qd8+ Kf7 16. Ng5+ Qxg5+ 17. Qxg5 Nxc4 18. Rhf1+ 1-0

[Event "Early-Titled-Tuesday-Blitz-March-26-2024"]
[Site "Chess.com"]
[Date "2024.03.26"]
[Round "5"]
[White "1mbl4"]
[Black "Marielchessy"]
[Result "1-0"]
[WhiteElo "2576"]
[BlackElo "2365"]
[TimeControl "180+1"]
[EndTime "8:50:36 PDT"]
[Termination "1mbl4 won by resignation"]

1. b3 e5 2. Bb2 d6 3. e3 f5 4.
d4 e4 5. c4 Nf6 6. Nc3 g6 7.
Nge2 Bg7 8. Nf4 O-O 9. Be2 c6 10. h4 Qe8 11. h5 g5 12. h6 gxf4 13. hxg7 Rf7 14. d5 c5 15. exf4 Rxg7 16. Nb5 Qf8 17. Qd2 a6 18. Rh6 axb5 19. Rxf6 Rf7 20. Rxf7 Qxf7 21. Qc3 Kf8 22. Qh8+ Qg8 23. Bg7+ 1-0

[Event "Early-Titled-Tuesday-Blitz-March-26-2024"]
[Site "Chess.com"]
[Date "2024.03.26"]
[Round "5"]
[White "Shuvalov"]
[Black "Mops_2004"]
[Result "0-1"]
[WhiteElo "2602"]
[BlackElo "2822"]
[TimeControl "180+1"]
[EndTime "8:50:38 PDT"]
[Termination "Mops_2004 won by resignation"]

1. d4 g6 2. c4 Bg7 3. Nf3 d6 4. e4 Bg4 5. Be3 c5 6. Be2 Nc6 7. Nc3 Bxf3 8. Bxf3 cxd4 9. Bd2 dxc3 10. bxc3 Nf6 11.
O-O Nd7 12. Be2 O-O 13. Rb1 b6 14. f4 Rc8 15. Bf3 Na5 0-1

[Event "Early-Titled-Tuesday-Blitz-March-26-2024"]
[Site "Chess.com"]
[Date "2024.03.26"]
[Round "5"]
[White "Masterbeaterr"]
[Black "deribas12345"]
[Result "0-1"]
[WhiteElo "2450"]
[BlackElo "2618"]
[TimeControl "180+1"]
[EndTime "8:50:38 PDT"]
[Termination "deribas12345 won by resignation"]

1. d4 Nf6 2. c4 d6 3. Nc3 Bf5 4. g3 e5 5. Bg2 exd4 6. Qxd4 Nc6 7.
Qe3+ Be7 8. h3 O-O 9. g4 Bg6 10. Nf3 Re8 11. Qd2 Ne4 12. Nxe4 Bxe4 13. O-O Bf6 14. Qf4 Nb4 15. Bd2 Nc2 16. Rab1 h6 17. b4 Bxf3 18. Bxf3 Bg5 0-1

[Event "Early-Titled-Tuesday-Blitz-March-26-2024"]
[Site "Chess.com"]
[Date "2024.03.26"]
[Round "5"]
[White "PolandHussars"]
[Black "UK_23"]
[Result "1-0"]
[WhiteElo "2553"]
[BlackElo "2400"]
[TimeControl "180+1"]
[EndTime "8:50:45 PDT"]
[Termination "PolandHussars won by resignation"]

1. e4 e5 2. Nc3 Nf6 3. g3 d5 4.
exd5 Nxd5 5. Bg2 Nxc3 6. bxc3 Bd6 7. Ne2 O-O 8. O-O Nc6 9. Rb1 Re8 10. d3 h6 11. h3 Qf6 12. f4 exf4 13. Bxf4 Bxf4 14. Rxf4 Qd6 15. Qf1 Be6 16. Rxb7 Rab8 17. Rxb8 Rxb8 18. c4 Rb2 19. Qc1 Rxa2 20. Nc3 Qa3 21. Nxa2 Qxa2 22. Bxc6 1-0

[Event "Early-Titled-Tuesday-Blitz-March-26-2024"]
[Site "Chess.com"]
[Date "2024.03.26"]
[Round "5"]
[White "Bilan_Danila"]
[Black "Kotofeyca"]
[Result "0-1"]
[WhiteElo "2644"]
[BlackElo "2502"]
[TimeControl "180+1"]
[EndTime "8:50:46 PDT"]
[Termination "Kotofeyca won by checkmate"]

1. d4 d5 2. Nf3 c6 3. c4 Nf6 4. Nc3 dxc4 5. a4 Bg4 6. Ne5 Bh5 7.
f3 Nfd7 8. Nxc4 e5 9. Nxe5 Nxe5 10. dxe5 Nd7 11. e6 fxe6 12. e4 Bc5 13. Bc4 Qh4+ 14. Ke2 Qf2+ 15. Kd3 Ne5# 0-1